Map: Catalyst LE

Players

DarkZero

  • Race: Protoss Protoss
  • League: Master
  • Spawn Location: 5:00

Starlord - Winner!

  • Race: Protoss Protoss
  • League: Master
  • Spawn Location: 11:00

VOD

Have the link to the VOD?

Description

Time

  • Played on: May 17, 2018, 11:47 p.m.
  • Length: 10:27
Show
View Real Time Build Order
Export as new Build Order

DarkZero Protoss 

Build Orders:  

Get SALT Encoding   

  12  0:00  Probe  
  13  0:13  Probe  
  14  0:17  Pylon  
  14  0:24  Probe  
  15  0:32  Probe  
  15  0:40  Gateway, Probe  
  17  0:51  Assimilator  
  17  1:06  Forge  
  17  1:09  Probe  
  18  1:21  Probe  
  18  1:22  Zealot  
  19  1:32  Cybernetics Core  
  21  1:35  Probe  
  22  1:44  Gateway  
  22  1:59  Pylon  
  22  2:15  Warp Gate  
  22  2:28  Nexus  
  22  2:36  Stalker  
  24  2:40  Probe  
  25  2:49  Stalker  
  26  2:52  Probe  
  26  2:56  Stalker  
  27  3:07  Probe  
  30  3:25  Assimilator  
  30  3:40  Probe  
  31  3:41  Probe  
  31  3:44  Shield Battery  
  32  3:49  Robotics Facility  
  32  3:52  Probe  
  29  4:33  Stalker x2  
  29  4:34  Probe  
  29  4:36  Observer  
  32  4:42  Probe  
  30  4:46  Probe  
  30  4:50  Probe  
  32  4:57  Probe  
  32  4:59  Probe  
  32  5:00  Immortal  
  32  5:05  Probe  
  37  5:07  Probe  
  37  5:13  Probe  
  39  5:15  Probe  
  39  5:18  Sentry  
  43  5:25  Probe  
  43  5:27  Probe, Pylon  
  45  5:37  Probe  
  45  5:39  Probe  
  45  5:41  Pylon  
  42  5:49  Stalker, Probe  
  44  5:52  Probe  
  42  6:01  Probe  
  42  6:03  Stalker, Probe  
  46  6:09  Probe  
  46  6:16  Probe  
  47  6:19  Probe  
  47  6:24  Forge  
  49  6:30  Immortal, Probe x2  
  51  6:42  Probe  
  51  6:45  Probe  
  57  6:47  Protoss Ground Weapons Level 1  
  57  6:51  Pylon  
  57  6:54  Probe  
  57  6:57  Probe  
  57  7:06  Probe  
  57  7:07  Probe  
  55  7:15  Probe  
  56  7:18  Probe  
  56  7:21  Immortal  
  62  7:23  Probe  
  63  7:33  Twilight Council, Probe  
  64  7:37  Probe  
  65  7:45  Probe  
  65  7:48  Assimilator  
  65  7:49  Probe  
  65  7:51  Assimilator  
  67  7:52  Pylon  
  67  8:00  Gateway  
  67  8:01  Gateway  
  67  8:11  Charge  
  67  8:14  Immortal  
  67  8:19  Probe  
  72  8:30  Gateway  
  72  8:32  Gateway  
  72  8:37  Templar Archives  
  72  8:42  Gateway  
  72  8:46  Gateway  
  72  8:59  Warp Prism  
  74  9:03  Pylon  
  50  9:36  High Templar x3  
  50  9:37  High Templar  
  58  9:45  Archon x2  
  58  9:55  Pylon  
Show
View Real Time Build Order
Export as new Build Order

Starlord Protoss - Winner!

Build Orders: Oracle Opening 

Get SALT Encoding   

  12  0:01  Probe  
  13  0:13  Probe  
  14  0:18  Pylon  
  14  0:25  Probe  
  15  0:33  Probe  
  15  0:41  Probe  
  15  0:42  Forge  
  17  0:52  Probe  
  17  0:56  Pylon  
  18  1:04  Probe  
  18  1:06  Assimilator  
  19  1:15  Gateway  
  19  1:18  Probe  
  19  1:23  Assimilator  
  20  1:31  Assimilator  
  20  1:33  Probe  
  21  1:45  Photon Cannon  
  21  1:46  Probe  
  22  1:56  Probe  
  23  2:04  Pylon  
  23  2:07  Probe  
  24  2:17  Cybernetics Core  
  24  2:19  Probe  
  24  2:22  Gateway  
  25  2:30  Pylon  
  25  2:57  Warp Gate  
  25  3:00  Stargate, Adept x2  
  25  3:11  Pylon  
  29  3:13  Probe  
  30  3:31  Nexus  
  30  3:39  Pylon  
  30  3:45  Oracle  
  33  3:53  Stalker  
  35  4:01  Stalker  
  30  4:28  Probe  
  28  4:47  Oracle, Probe  
  30  5:05  Probe x2  
  32  5:16  Stalker, Sentry  
  32  5:17  Probe  
  37  5:26  Shield Battery  
  37  5:34  Probe  
  38  5:36  Probe  
  39  5:46  Probe  
  39  5:48  Probe  
  38  5:57  Probe  
  38  6:02  Oracle  
  38  6:04  Stalker, Probe  
  43  6:06  Probe  
  46  6:14  Probe  
  46  6:16  Probe  
  46  6:18  Assimilator  
  48  6:21  Stalker  
  48  6:25  Probe  
  50  6:28  Probe  
  52  6:34  Twilight Council  
  52  6:37  Probe  
  53  6:41  Probe  
  54  6:50  Pylon  
  54  6:52  Adept x2  
  58  7:02  Resonating Glaives  
  55  7:14  Adept x2  
  59  7:16  Probe  
  60  7:23  Gateway  
  60  7:26  Gateway x2  
  60  7:33  Robotics Facility  
  60  7:38  Gateway  
  60  7:40  Adept  
  62  7:50  Adept  
  64  7:57  Gateway  
  64  7:58  Gateway  
  64  8:01  Pylon  
  64  8:03  Pylon  
  64  8:09  Adept  
  66  8:19  Pylon  
  66  8:21  Adept x2, Pylon  
  66  8:25  Observer  
  71  8:33  Gateway  
  71  8:36  Adept x3  
  77  8:46  Adept x2  
  81  8:50  Adept  
  81  8:54  Pylon  
  83  9:06  Adept x3  
  83  9:32  Adept x6  
  93  9:43  Adept  
  93  9:44  Adept x2  
  95  10:06  Adept x4  
  95  10:07  Adept x2  
Tags
 
Matchup
PvP
Spawn Locations
Cross Positions
Add a new tag
Caveats
  • Supply blocks, unpowered buildings, or Contaminate may cause inaccurate times.
  • Supply counts are checked every 10 seconds.